 Dungeon Crawl Stone Soup version 0.29-a0-1033-gb6c65ffae6 (webtiles) character file.

Game seed: 7497177124336367076

107 Snarg the Sneak (level 4, -5/22 HPs)
             Began as a Spriggan Conjurer on Aug 15, 2022.
             Slain by an iguana (9 damage)
             ... on level 6 of the Dungeon.
             The game lasted 00:08:37 (2306 turns).

Snarg the Sneak (Spriggan Conjurer)                 Turns: 2306, Time: 00:08:38

Health: -5/22      AC:  5    Str: -1 (2)  XL:     4   Next: 56%
Magic:  9/9        EV: 18    Int: 17 (20) God:
Gold:   25         SH:  0    Dex: 21 (23) Spells: 3/9 levels left

rFire   . . .      SeeInvis +   a - +4 dagger
rCold   . . .      Faith    .   (no shield)
rNeg    + . .      Spirit   .   f - +0 robe
rPois   .          Reflect  .   r - +1 hat
rElec   .          Harm     .   g - +1 cloak {Stlth+}
rCorr   .          Rampage  .   (gloves unavailable)
Will    .....                   (boots unavailable)
Stlth   ++++......              (no amulet)
HPRegen 0.00/turn               k - +6 ring of dexterity
MPRegen 0.11/turn               p - ring of positive energy

@: inhibited regen, slowed, lost strength, quick
A: very small, no large weapons, unfitting armour, see invisible, speed 3, agile
1
a: no special abilities


You were on level 6 of the Dungeon.
You visited 1 branch of the dungeon, and saw 4 of its levels.

You collected 135 gold pieces.
You spent 110 gold pieces at shops.

Inventory:

Hand Weapons
 a - a +4 dagger (weapon)
 b - a +0 short sword
 l - a +0 sling
Missiles
 j - 10 stones
Armour
 f - a +0 robe (worn)
 g - a +1 cloak of stealth (worn)
 r - a +1 hat (worn)
Jewellery
 k - a +6 ring of dexterity (left hand)
 p - a ring of positive energy (right hand)
Scrolls
 o - a scroll of enchant weapon
Potions
 c - a potion of magic
 n - a potion of heal wounds {unknown}
 q - 2 potions of curing


   Skills:
 * Level 1.3 Fighting
 * Level 1.1 Short Blades
 + Level 2.9 Dodging
 - Level 4.5 Stealth
 - Level 3.0 Spellcasting
 + Level 3.4 Conjurations
 * Level 1.0 Hexes


You had 3 spell levels left.
You knew the following spells:

 Your Spells              Type           Power      Damage    Failure   Level
a - Magic Dart            Conj           56%        1d5       4%          1
b - Searing Ray           Conj           28%        2d5       6%          2
c - Dazzling Flash        Conj/Hex       20%        N/A       21%         3

Your spell library contained the following spells:

 Spells                   Type           Power      Damage    Failure   Level
 Freeze                   Ice            8%         1d3       17%         1
 Frozen Ramparts          Ice            4%         1d1       45%         3
 Fulminant Prism          Conj/Hex       5%         3d7       56%         4
 Hailstorm                Conj/Ice       8%         3d4       65%         4
 Iskenderun's Mystic Bla  Conj/Tloc      8%         2d4       65%         4


Dungeon Overview and Level Annotations

Branches:
Dungeon (3/15)

Altars:

Shops:
D:2 [   D:3 [

Annotations:
D:1 clr
D:2 clr
D:6 Pikel


Innate Abilities, Weirdness & Mutations

You are very small and have problems with some larger weapons.
You are too small for most types of armour.
You have supernaturally acute eyesight. (SInv)
You cover ground extremely quickly. (Speed+++)
You are agile. (Dex +4, Str/Int -1)


Message History

It is a scroll of amnesia.
Really abort (and waste the scroll)? [Y]es or [N]o only, please.
Really abort (and waste the scroll)? [Y]es or [N]o only, please.
Really abort (and waste the scroll)? [Y]es or [N]o only, please.
Really abort (and waste the scroll)?
Okay, then.
Unknown command.
Unknown command.
You see here a potion of curing.
An orc comes into view. It is wielding a +0 club.
An orc comes into view. It is wielding a +0 hand axe.
The orc shouts!
You hear a howl!
You hear a shout! x2
The ice beast hits you but does no damage.
You see here 10 gold pieces.
Found a trident.
A howler monkey comes into view. 2 kobolds come into view.
A kobold comes into view. It is wielding a +0 dagger.
Found 4 gold pieces.
You now have 25 gold pieces (gained 4).
It was a potion of degeneration.
There was something very wrong with that liquid.
You feel weakened.
You have lost your strength.
You feel dopey.
You feel clumsy. The necrophage hits you.
* * * LOW HITPOINT WARNING * * *
You can move again.
It was a potion of mutation.
You feel extremely strange.
You feel agile.
The howler monkey hoots and howls with incredible vigour!
The necrophage misses you. The iguana closely misses you.
The necrophage hits you but does no damage.
The gnoll closely misses you.
You hear a shout! x5; You hear an angry hiss.
You hear a shout! x2
It was a potion of cancellation.
You feel magically purged. The iguana bites you!
You die...

###.##......### #.
##...........# #####.
#............# #.h ..
?.!..........### #.####
#............#####.####
#K###...5...5lgl!..o..o
... ##.###########$####
5# #n###########l##..
####@g..)..o..Y......
#...lh#######.l######
##Y###.###..Y...#
#..###.##.Y#....#
##........l...####
#..####.###.### ####
#..##.# ##.#K.# ...##


You could see an ice beast, a necrophage, a howler monkey (catching breath), an
iguana, a gnoll and an orc (wandering).

Vanquished Creatures
  Jessica (D:2)
  3 gnolls
  An adder (D:3)
  A worm (D:2)
  5 ball pythons
  4 endoplasms
  A giant cockroach (D:1)
  6 goblins
  2 hobgoblins
  A quokka (D:3)
  4 bats
  A frilled lizard (D:1)
  4 kobolds
  6 rats
40 creatures vanquished.

Notes
Turn   | Place    | Note
-------+----------+-------------------------------------------
     0 | D:1      | Snarg the Spriggan Conjurer began the quest for the Orb.
     0 | D:1      | Reached XP level 1. HP: 9/9 MP: 5/5
   255 | D:1      | Reached XP level 2. HP: 14/14 MP: 3/6
  1002 | D:2      | Reached XP level 3. HP: 17/17 MP: 1/8
  1100 | D:1      | Reached skill level 1 in Fighting
  1495 | D:2      | Learned a level 2 spell: Searing Ray
  1499 | D:2      | Learned a level 3 spell: Dazzling Flash
  1501 | D:2      | Found Fitufuq's Armour Shoppe.
  1684 | D:2      | Reached skill level 4 in Stealth
  1849 | D:2      | Noticed Jessica
  1852 | D:2      | Killed Jessica
  1853 | D:2      | Reached skill level 1 in Short Blades
  1853 | D:2      | Reached XP level 4. HP: 22/22 MP: 9/9
  2133 | D:3      | Found Woveyc's Armour Shop.
  2140 | D:3      | Reached skill level 1 in Hexes
  2142 | D:3      | Bought a +1 hat for 110 gold pieces
  2215 | D:3      | You fall into a shaft and drop 3 floors!
  2228 | D:6      | Noticed an ice beast
  2248 | D:6      | Noticed a gnoll sergeant
  2253 | D:6      | Noticed a necrophage
  2263 | D:6      | Noticed a lemure
  2264 | D:6      | Noticed a lemure
  2264 | D:6      | Noticed a lemure
  2265 | D:6      | Noticed Pikel
  2271 | D:6      | Noticed an ice beast
  2303 | D:6      | Lost strength.
  2305 | D:6      | Gained mutation: You are agile. (Dex +4, Str/Int -1)
                  | [potion of mutation]
  2306 | D:6      | Slain by an iguana

Illustrated notes

Levels and vault maps discovered:
D:1:      dpeg_arrival_rooms_b, layout_loops_ring
D:2:      layout_loops_corners, serial_shops, shop, uniq_jessica
D:3:      layout_basic, serial_shops, shop, gammafunk_ghost_arena,
          ebering_ecumenical_altar_mist, kennysheep_generic_room_11, uniq_robin
D:6:      layout_rooms, uniq_pikel

Skill      XL: |  1  2  3  4 |
---------------+-------------+-----
Conjurations   | 3 |  3.4
Spellcasting   | 3 |  3.0
Fighting       | 1 |  1.3
Stealth        | 4 |  4.5
Short Blades   | 1 |  1.1
Hexes          | 1 |  1.0
Dodging        | |  2.9

Action                   |  1- 3 |  4- 6 || total
-------------------------+-------+-------++-------
Melee: Short sword       |     5 |       ||     5
       Unarmed           |     2 |       ||     2
       Dagger            |    34 |     4 ||    38
 Cast: Magic Dart        |    30 |     3 ||    33
  Use: Scroll            |       |     3 ||     3
       Potion            |       |     3 ||     3
 Stab: Sleeping          |    15 |     3 ||    18
Armor: Robe              |     6 |     2 ||     8
Dodge: Dodged            |    31 |     4 ||    35

Table legend: (Time is in decaauts)
 A = Elapsed time spent in this place.
 B = Non-inter-level travel time spent in this place.
 C = Inter-level travel time spent in this place.
 D = Time resting spent in this place.
 E = Time spent auto-exploring this place.
 F = Levels seen in this place.
 G = Mean time per level.
                   A        B        C        D        E       F      G
               +--------+--------+--------+--------+--------+-----+--------+
         Total |   1647 |   1583 |     64 |    406 |    810 |   4 |  411.8 |
       Dungeon |   1647 |   1583 |     64 |    406 |    810 |   4 |  411.8 |
               +--------+--------+--------+--------+--------+-----+--------+

Top non-repeatable levels by time:
     D:1: 909 daAuts
     D:2: 562 daAuts
     D:3: 118 daAuts
     D:6: 57 daAuts
